 Dungeon Crawl Stone Soup version 0.31-a0-208-gdb31a4691d (webtiles) character file.

Game seed: 18327707273872434952

29964 ytrimaz the Merchant of Misery (level 13, 0/79 HPs)
             Began as a Mummy Necromancer on June 29, 2023.
             Was a Believer of Kikubaaqudgha.
             Slain by a deep elf knight
             ... wielding a +0 long sword of protection
              (8 damage)
             ... on level 15 of the Dungeon.
             The game lasted 00:32:27 (18672 turns).

ytrimaz the Merchant of Misery (Mummy Necromancer) Turns: 18672, Time: 00:32:27

Health: 0/79       AC: 13    Str: 11    XL:     13   Next: 18%
Magic:  5/29       EV: 16    Int: 32    God:    Kikubaaqudgha [**....]
Gold:   946        SH:  0    Dex: 12    Spells: 14/37 levels left

rFire   x . .        B - +7 great mace "Undeadhunter" {deathbane, rN+}
rCold   + . .        (shield currently unavailable)
rNeg    + + +        n - +0 troll leather armour
rPois   ∞            q - +0 helmet
rElec   .            m - +2 cloak
rCorr   .            d - +1 pair of gloves
SInv    .            b - +2 pair of boots
Will    +....        f - amulet of regeneration
Stlth   +            i - +6 ring of intelligence
HPRegen 1.93/turn    s - +6 ring of intelligence
MPRegen 0.21/turn

%: faith
@: no status effects
A: cold resistance 1, negative energy resistance 3, torment resistance 2, heat
vulnerability 1, in touch with death 2, no potions, faith
a: Renounce Religion, Unearth Wretches


You were on level 15 of the Dungeon.
You worshipped Kikubaaqudgha.
Kikubaaqudgha was pleased with you.
You visited 2 branches of the dungeon, and saw 16 of its levels.

You collected 946 gold pieces.


Innate Abilities, Weirdness & Mutations

You are immune to poison.
Your flesh is cold resistant. (rC+)
You are immune to negative energy. (rN+++)
You are immune to unholy pain and torment.
You are vulnerable to heat. (rF-)
You are strongly in touch with the powers of death.
You do not drink.
You have a special connection with the divine. (Faith)


   Skills:
 * Level 13.0 Dodging
 - Level 1.5 Stealth
 - Level 12.7 Spellcasting
 + Level 13.1 Necromancy
 * Level 3.3 Ice Magic


You had 14 spell levels left.
You knew the following spells:

 Your Spells              Type           Power      Damage    Failure   Level
a - Dispel Undead         Necr           100%       3d31      1%          4
b - Vampiric Draining     Necr           100%       2d13      1%          3
c - Animate Dead          Necr           100%       N/A       1%          4
d - Agony                 Necr           100%       N/A       1%          5
e - Simulacrum            Ice/Necr       52%        N/A       16%         6
f - Necrotise             Necr           100%       1d9       0%          1

Your spell library contained the following spells:

 Spells                   Type           Power      Damage    Failure   Level
 Freeze                   Ice            100%       1d10      1%          1
 Kiss of Death            Conj/Necr      100%       2d13      1%          1
 Frozen Ramparts          Ice            82%        1d13      2%          3
 Apportation              Tloc           40%        N/A       3%          1
 Magic Dart               Conj           80%        1d7       3%          1
 Summon Small Mammal      Summ           80%        N/A       3%          1
 Call Imp                 Summ           40%        N/A       4%          2
 Hailstorm                Conj/Ice       31%        3d8       4%          3
 Call Canine Familiar     Summ           20%        N/A       9%          3
 Mephitic Cloud           Conj/Pois/Air  20%        N/A       9%          3

Inventory:

Hand Weapons
 c - a +2 mace of protection
   (You found it on level 2 of the Dungeon)
 B - the +7 great mace "Undeadhunter" (weapon) {deathbane, rN+}
   (You found it on level 14 of the Dungeon)

   rN:        It protects you from negative energy.
Armour
 b - a +2 pair of boots (worn)
   (You found it on level 3 of the Dungeon)
 d - a +1 pair of gloves (worn)
   (You found it on level 2 of the Dungeon)
 j - +0 acid dragon scales
   (You found it on level 7 of the Dungeon)
 l - a +2 robe of willpower
   (You took it off Blork the orc on level 6 of the Dungeon)
 m - a +2 cloak (worn)
   (You took it off Crazy Yiuf on level 6 of the Dungeon)
 n - a +0 troll leather armour (worn)
   (You found it on level 6 of the Dungeon)
 q - a +0 helmet (worn)
   (You found it on level 8 of the Dungeon)
Jewellery
 f - an amulet of regeneration (around neck)
   (You found it on level 4 of the Dungeon)
 i - a +6 ring of intelligence (left hand)
   (You found it on level 7 of the Dungeon)
 s - a +6 ring of intelligence (right hand)
   (You found it on level 10 of the Dungeon)
 x - a ring of flight
   (You found it on level 11 of the Dungeon)
 A - an amulet of the acrobat
   (You took it off a vampire on level 12 of the Dungeon)
Wands
 e - a wand of polymorph (24)
   (You found it on level 7 of the Dungeon)
 k - a wand of flame (43)
   (You found it on level 5 of the Dungeon)
 o - a wand of roots (4)
   (You found it on level 10 of the Dungeon)
 t - a wand of digging (6)
   (You found it on level 10 of the Dungeon)
 u - a wand of mindburst (13)
   (You found it on level 10 of the Dungeon)
 z - a wand of charming (13)
   (You found it on level 11 of the Dungeon)
 D - a wand of acid (6)
   (You found it on level 14 of the Dungeon)
Scrolls
 a - 2 scrolls of vulnerability
 g - a scroll of amnesia
 h - 2 scrolls of enchant armour
 p - a scroll of teleportation
 r - a scroll of torment
 v - 4 scrolls of identify
 w - 2 scrolls of enchant weapon
 C - a scroll of fear
 E - a scroll of revelation

Dungeon Overview and Level Annotations

Branches:
Dungeon (15/15) Zot: 26923  Temple (1/1) D:4 Zot: 5827    Lair (0/5) D:9
    Orc (0/2) D:10         Vaults (0/5) D:13
 Depths: D:15

Altars:
Ashenzari
Cheibriados
Dithmenos
Fedhas
Gozag
Hepliaklqana
Kikubaaqudgha
Makhleb
Nemelex Xobeh
Okawaru
Qazlal
Ru
Sif Muna
Trog
Uskayaw
Vehumet
Wu Jian
Xom
Yredelemnul

Portals:
Trove: D:13 (give 7 scrolls of fog)

Annotations:
D:6 2 transporters, Leavold's ghost, novice TeDe
D:12 exclusion: door

..###............e..
..........§§§§§§..#
.#####.....§§§§§..#
#....§..§§§§..#
#.##.#§##§§§###
...##.#.§§§§§#
#.....#.####§§§#
#.###.#.#..#§§§#####
## .#...##.#{@§#..
.###.##.#§#§#.# ##
#...§§§#§#.#
####§#§.§#.#
#§#####.# #.......#
#########


There were no monsters in sight!


Message History

You feel a strong surge of power!
You draw life force from the deep elf knight!
You feel life coursing into your body.
The deep elf knight gestures wildly while chanting.
The deep elf knight flickers and vanishes!
Deactivating autopickup; reactivate with Ctrl-A. 😕 HP[+8] MP[-3]
You regained 8 hp, and now have 75/79 hp.
You lost 3 mp, and now have 20/29 mp.
Casting: Vampiric Draining (safe; 1% risk of failure)
Confirm with . or Enter, or press ? or * to list all spells.
You can't see any susceptible monsters within range! (Use Z to cast anyway.) Unknown command.
Casting: Vampiric Draining (safe; 1% risk of failure)
Confirm with . or Enter, or press ? or * to list all spells.
Aiming: Agony (dangerous; 1% risk of failure)
Press: ? - help, Shift-Dir - straight line You feel a strong surge of power!
Something is bathed in an unholy light!
You hear some strange, mumbled words.
A shard of ice appears from out of thin air!
The shard of ice hits you! You partially resist.
Something hits you but does no damage. 😕 HP[-12] MP[-5]
You take 12 damage, and now have 63/79 hp.
You lost 5 mp, and now have 15/29 mp.
Unknown command.
Casting: Agony (dangerous; 1% risk of failure)
Confirm with . or Enter, or press ? or * to list all spells.
You can't see any susceptible monsters within range! (Use Z to cast anyway.) Unknown command.
Casting: Agony (dangerous; 1% risk of failure)
Confirm with . or Enter, or press ? or * to list all spells.
Aiming: Vampiric Draining (safe; 1% risk of failure)
Press: ? - help, Shift-Dir - straight line You feel a strong surge of power!
You draw life force from something!
You feel life coursing into your body. 😕 HP[+7] MP[-2]
You regained 7 hp, and now have 70/79 hp.
You lost 2 mp, and now have 13/29 mp.
Casting: Vampiric Draining (safe; 1% risk of failure)
Confirm with . or Enter, or press ? or * to list all spells.
Aiming: Vampiric Draining (safe; 1% risk of failure)
Press: ? - help, Shift-Dir - straight line, f - deep elf pyromancer
Aim: a deep elf pyromancer, wielding a +0 long sword and wearing a +0 leather armour You feel a strong surge of power!
You draw life force from the deep elf pyromancer!
You feel life coursing into your body! Something hits you.
Something hits you but does no damage.
The deep elf pyromancer hits you with a +0 long sword! 😕 HP[-3] MP[-3]
You take 3 damage, and now have 67/79 hp.
You lost 3 mp, and now have 10/29 mp.
Casting: Vampiric Draining (safe; 1% risk of failure)
Confirm with . or Enter, or press ? or * to list all spells.
Aiming: Vampiric Draining (safe; 1% risk of failure)
Press: ? - help, Shift-Dir - straight line, f/p - deep elf pyromancer
Aim: a deep elf pyromancer, wielding a +0 long sword and wearing a +0 leather armour (moderately wounded)
You feel a strong surge of power!
You draw life force from the deep elf pyromancer!!
You feel life coursing into your body! Something hits you!
The deep elf pyromancer misses you. 😕 HP[+4] MP[-3]
You regained 4 hp, and now have 71/79 hp.
You lost 3 mp, and now have 7/29 mp.
Casting: Vampiric Draining (safe; 1% risk of failure)
Confirm with . or Enter, or press ? or * to list all spells.
Aiming: Vampiric Draining (safe; 1% risk of failure)
Press: ? - help, Shift-Dir - straight line, f/p - deep elf pyromancer
Aim: a deep elf pyromancer, wielding a +0 long sword and wearing a +0 leather armour (severely wounded)
You feel a strong surge of power!
You draw life force from the deep elf pyromancer!!
You kill the deep elf pyromancer!
Kikubaaqudgha accepts your kill.
You feel life coursing into your body.
You hear some strange, mumbled words.
A shard of ice appears from out of thin air!
The shard of ice hits you. You partially resist.
Something hits you!! 😮 HP[-14] MP[-3]
You take 14 damage, and now have 57/79 hp.
You lost 3 mp, and now have 4/29 mp.
You completely miss something. Something hits you!
You hear some strange, mumbled words.
A shard of ice appears from out of thin air!
The shard of ice hits you!! You partially resist.
* * * LOW HITPOINT WARNING * * *
😨 HP[-33] MP[+1]
You take 33 damage, and now have 24/79 hp.
MASSIVE DAMAGE!! (PAUSE)
Casting: Vampiric Draining (safe; 1% risk of failure)
Confirm with . or Enter, or press ? or * to list all spells.
You can't see any susceptible monsters within range! (Use Z to cast anyway.) Unknown command.
You can't see any enemies this would affect, really read the scroll of poison?
The air fills with toxic fumes!
As you read the scroll of poison, it crumbles to dust.
Something hits you!!
* * * LOW HITPOINT WARNING * * *
Something hits you!
You die...
Kikubaaqudgha rasps: "You have failed me!
Welcome... oblivion!"

Skill      XL: |  1  2  3  4  5  6  7  8  9 10 11 12 13 |
---------------+----------------------------------------+-----
Spellcasting   | 3 4 5 7 8 9 11 12 | 12.7
Dodging        | 2 3 4 5 6 8 9 11 12 13 | 13.0
Necromancy     | 5 6 8 9 10 11 13 | 13.1
Ice Magic      | 2 3 |  3.3
Stealth        | |  1.5

Action                     |  1- 3 |  4- 6 |  7- 9 | 10-12 | 13-15 || total
---------------------------+-------+-------+-------+-------+-------++-------
  Melee: Unarmed           |    26 |       |       |       |       ||    26
         Mace              |       |    97 |   122 |   501 |       ||   720
         Punch             |       |       |     1 |     5 |       ||     6
         Great mace        |       |       |       |       |     4 ||     4
   Cast: Necrotise         |    69 |    76 |    10 |     3 |       ||   158
         Animate Dead      |       |     2 |     3 |    10 |     2 ||    17
         Vampiric Draining |       |     3 |    56 |   149 |    15 ||   223
         Agony             |       |       |    16 |    66 |     7 ||    89
         Simulacrum        |       |       |       |     4 |     2 ||     6
         Dispel Undead     |       |       |       |     2 |       ||     2
 Invoke: Unearth Wretches  |       |       |       |     6 |     1 ||     7
  Evoke: Wand              |       |       |    15 |     6 |       ||    21
    Use: Scroll            |     2 |     6 |     2 |     7 |     1 ||    18
   Stab: Distracted        |       |       |       |     2 |       ||     2
 Armour: Robe              |    13 |    70 |    94 |       |       ||   177
         Troll leather arm |       |       |    15 |   459 |    46 ||   520
  Dodge: Dodged            |    36 |   112 |   194 |   742 |    83 ||  1167

Levels and vault maps discovered:
D:1:      nicolae_arrival_somewhat_less_tricky_arrival, layout_rooms,
          hellmonk_ecumenical_altar_pennies_from_heaven, minmay_tetromino_l2
D:2:      layout_loops_ring, grunt_decor_junction
D:3:      layout_basic, overflow_temple_1_default, minivault_11,
          hangedman_glass_teeth, kennysheep_another_room, uniq_ijyb
D:4:      layout_loops_ring, lemuel_temple_firewalk_b,
          chequers_serial_rivers_small_b, uniq_duvessa
D:5:      layout_rooms, nicolae_elevator_lobby_plus
D:6:      layout_loops_corners, gammafunk_ghost_hive, kb_rosetta,
          uniq_crazy_yiuf_cottage, uniq_blork_the_orc, uniq_sigmund
D:7:      layout_rooms, kennysheep_generic_room_10, uniq_pikel,
          uniq_prince_ribbit1, uniq_menkaure, uniq_maggie
D:8:      layout_loops_corners, st_stairs_5, serial_bayou_pond_c, sigmund_army
D:9:      layout_loops_ring, david_lair_generic, minmay_misc_feat_x,
          reono_crystal_passage
D:10:     layout_cave_pools, mainiacjoe_overflow_tiny_flanked, bloody_trog,
          orc_0_dummy, serial_bayou_pond_e, uniq_nergalle
D:11:     layout_stronghold, minmay_misc_feat_enclosed, uniq_psyche
D:12:     minmay_box_of_curves, layout_cave_pods, dk_vineyard_2
D:13:     layout_irregular_city, david_vaults_1, enter_trove_0, uniq_maurice
D:14:     layout_irregular_city, hangedman_decor_opposing
D:15:     hangedman_depths_entry_civil_slaughter, layout_basic, serial_shops,
          shop, hex_medium
Temple:   compressed_dpeg_triangle_lava_temple

Notes
Turn   | Place    | Note
-------+----------+-------------------------------------------
     0 | D:1      | ytrimaz the Mummy Necromancer began the quest for the Orb.
     0 | D:1      | Reached XP level 1. HP: 13/13 MP: 4/4
     0 | D:1      | magus.rc [v1.9.6]
    39 | D:1      | HP: 3/13 [jackal (3)]
    77 | D:1      | Reached skill level 3 in Spellcasting
   157 | D:1      | You pick up a book of Cantrips and begin reading...
   157 | D:1      | You add the spells Summon Small Mammal and Apportation to
                  | your library.
   236 | D:1      | Reached XP level 2. HP: 19/19 MP: 3/6
   257 | D:1      | Reached skill level 2 in Dodging
   729 | D:1      | Gained mutation: You are in touch with the powers of death.
                  | [Mummy growth]
   729 | D:1      | Reached XP level 3. HP: 24/24 MP: 4/7
   740 | D:1      | Learned a level 3 spell: Vampiric Draining
   742 | D:1      | Found a faded altar of an unknown god.
  1568 | D:2      | Reached XP level 4. HP: 30/30 MP: 3/9
  2454 | D:3      | Found a basalt altar of Yredelemnul.
  2463 | D:3      | Noticed Ijyb
  2485 | D:3      | Learned a level 4 spell: Animate Dead
  2575 | D:3      | Killed Ijyb
  2576 | D:3      | Reached skill level 3 in Dodging
  2576 | D:3      | Reached skill level 4 in Spellcasting
  2917 | D:3      | Reached XP level 5. HP: 35/35 MP: 4/11
  3561 | D:4      | Reached skill level 5 in Necromancy
  3563 | D:4      | Reached XP level 6. HP: 40/41 MP: 8/12
  3715 | D:4      | Reached skill level 4 in Dodging
  3753 | D:4      | Learned a level 5 spell: Agony
  3997 | D:4      | Noticed Dowan
  3999 | D:4      | Noticed Duvessa
  4016 | D:4      | HP: 8/41 [Duvessa/+0 short sword (8)]
  4152 | D:4      | Killed Duvessa
  4153 | D:4      | Reached skill level 5 in Spellcasting
  4160 | D:4      | Killed Dowan
  4161 | D:4      | Reached XP level 7. HP: 20/46 MP: 3/14
  4244 | D:4      | You fall into a shaft and drop 3 floors!
  4261 | D:7      | Noticed Maggie
  4313 | D:7      | Noticed Prince Ribbit
  4327 | D:7      | Killed Prince Ribbit
  4328 | D:7      | Reached skill level 5 in Dodging
  4328 | D:7      | Reached skill level 6 in Necromancy
  4573 | D:6      | Noticed a troll
  4598 | D:6      | Reached XP level 8. HP: 52/52 MP: 6/16
  4685 | D:6      | Reached skill level 6 in Spellcasting
  4696 | D:6      | Noticed Sigmund
  4704 | D:6      | Killed Sigmund
  4825 | D:6      | Reached skill level 7 in Necromancy
  4871 | D:5      | Entered Level 5 of the Dungeon
  5085 | D:4      | Found a staircase to the Ecumenical Temple.
  5094 | Temple   | Entered the Ecumenical Temple
  5116 | Temple   | Became a worshipper of Kikubaaqudgha
  5459 | D:5      | Reached skill level 6 in Dodging
  6102 | D:6      | Found a transporter.
  6102 | D:6      | Found a transporter.
  6103 | D:6      | Noticed a hornet
  6115 | D:6      | Noticed Leavold's ghost (novice TeDe)
  6174 | D:6      | Noticed Blork the orc
  6178 | D:6      | Killed Blork the orc
  6291 | D:6      | Reached skill level 7 in Spellcasting
  6525 | D:6      | Identified the staff of Tumult {*Slow rPois rN++ rCorr
                  | Earth}
  6552 | D:6      | Reached skill level 8 in Necromancy
  6552 | D:6      | Reached XP level 9. HP: 22/57 MP: 5/19
  6718 | D:6      | Found a runed translucent door.
  6719 | D:6      | Noticed Crazy Yiuf
  6735 | D:6      | Killed Crazy Yiuf
  7000 | D:6      | Noticed a cyan ugly thing
  7006 | D:6      | Killed a cyan ugly thing
  7007 | D:6      | Reached skill level 7 in Dodging
  7318 | D:6      | Killed a troll
  7319 | D:6      | Reached skill level 8 in Spellcasting
  7319 | D:6      | Reached skill level 9 in Necromancy
  7683 | D:7      | Maggie changed into Maggie the warg
  7683 | D:7      | Noticed Maggie
  7690 | D:7      | Killed Maggie the warg
  7873 | D:7      | Noticed Menkaure
  7895 | D:7      | Killed Menkaure
  7895 | D:7      | Reached * piety under Kikubaaqudgha
  7895 | D:7      | Received a gift from Kikubaaqudgha
  8111 | D:7      | Noticed Pikel
  8128 | D:7      | Killed Pikel
  8129 | D:7      | Reached skill level 8 in Dodging
  8417 | D:8      | Reached XP level 10. HP: 63/63 MP: 4/22
  8456 | D:8      | Reached skill level 10 in Necromancy
  8777 | D:8      | Noticed a gargoyle
  8855 | D:8      | Killed a gargoyle
  8856 | D:8      | Reached skill level 9 in Spellcasting
  9538 | D:9      | Identified the +8 mace of the Globe {holy, rPois Int+4}
  9639 | D:9      | Reached skill level 9 in Dodging
 10082 | D:9      | Found a staircase to the Lair.
 10082 | D:9      | Noticed an elephant
 10129 | D:9      | Killed an elephant
 10165 | D:9      | Reached XP level 11. HP: 68/68 MP: 9/24
 10362 | D:9      | Noticed a two-headed ogre
 10371 | D:9      | Killed a two-headed ogre
 10372 | D:9      | Reached skill level 10 in Spellcasting
 10372 | D:9      | Reached skill level 11 in Necromancy
 10595 | D:9      | You pick up a book of Frost and begin reading...
 10595 | D:9      | You add the spells Freeze, Frozen Ramparts and Hailstorm to
                  | your library.
 10720 | D:9      | Reached ** piety under Kikubaaqudgha
 10986 | D:10     | Entered Level 10 of the Dungeon
 11095 | D:9      | Reached skill level 10 in Dodging
 11537 | D:10     | Found a bloodstained altar of Trog.
 11656 | D:10     | Found a staircase to the Orcish Mines.
 11694 | D:10     | Noticed Nergalle
 12063 | D:10     | Killed Nergalle
 12742 | D:11     | Noticed Psyche
 12752 | D:11     | Killed Psyche
 12817 | D:11     | You pick up a book of Minor Magic and begin reading...
 12817 | D:11     | You add the spells Magic Dart, Call Imp and Mephitic Cloud
                  | to your library.
 12976 | D:11     | Identified the +1 robe "Danatesi" {Contam rN+ Str+2}
 13070 | D:11     | Reached skill level 11 in Spellcasting
 13557 | D:12     | Noticed a centaur warrior
 13565 | D:12     | Killed a centaur warrior
 13566 | D:12     | Reached skill level 11 in Dodging
 13657 | D:12     | Noticed a deep elf pyromancer
 13675 | D:12     | Killed a deep elf pyromancer
 13750 | D:12     | Noticed a deep troll earth mage
 13758 | D:12     | Killed a deep troll earth mage
 14071 | D:12     | Reached XP level 12. HP: 46/74 MP: 4/27
 14075 | D:12     | Reached skill level 12 in Necromancy
 14315 | D:12     | Noticed a tengu warrior
 14324 | D:12     | Killed a tengu warrior
 14498 | D:12     | Noticed a tengu warrior
 14502 | D:12     | Killed a tengu warrior
 14564 | D:12     | HP: 18/74 [tengu conjurer/bolt of lightning (31)]
 14675 | D:12     | Noticed a tengu reaver
 14687 | D:12     | HP: 11/74 [tengu reaver/+2 dire flail of protection (30)]
 14691 | D:12     | Killed a tengu reaver
 14692 | D:12     | Reached skill level 12 in Spellcasting
 14834 | D:12     | Noticed a two-headed ogre
 14851 | D:12     | Killed a two-headed ogre
 14852 | D:12     | Reached skill level 12 in Dodging
 15551 | D:12     | You add the spells Call Canine Familiar, Dispel Undead and
                  | Simulacrum to your library.
 15551 | D:12     | Got the Parchment of Amalgamated Abhorrent Words
 15574 | D:12     | Noticed a tengu warrior
 15579 | D:12     | Killed a tengu warrior
 15579 | D:12     | Noticed a storm dragon
 15952 | D:12     | Noticed a yaktaur captain
 15958 | D:12     | Killed a yaktaur captain
 16082 | D:12     | Learned a level 4 spell: Dispel Undead
 16089 | D:12     | Learned a level 6 spell: Simulacrum
 16237 | D:13     | Noticed a boulder beetle
 16244 | D:13     | Killed a boulder beetle
 16564 | D:13     | Found a portal to a secret trove of treasure.
 16640 | D:13     | This trove needs 7 scrolls of fog to function. Give it the
                  | items?
 16731 | D:13     | Reached skill level 1 in Ice Magic
 16828 | D:13     | Noticed Maurice
 16848 | D:13     | Killed Maurice
 17019 | D:13     | Found a gate to the Vaults.
 17019 | D:13     | Noticed a two-headed ogre
 17026 | D:13     | Killed a two-headed ogre
 17032 | D:13     | Reached skill level 2 in Ice Magic
 17204 | D:13     | Noticed a tengu warrior
 17211 | D:13     | Reached skill level 13 in Necromancy
 17211 | D:13     | Gained mutation: You are strongly in touch with the powers
                  | of death. [Mummy growth]
 17211 | D:13     | Reached XP level 13. HP: 79/79 MP: 11/29
 17722 | D:14     | HP: 9/79 [deep elf pyromancer/bolt of fire (30)]
 18078 | D:14     | Found the +7 great mace "Undeadhunter" {deathbane, rN+}
 18163 | D:14     | Reached skill level 3 in Ice Magic
 18385 | D:14     | Reached skill level 13 in Dodging
 18597 | D:15     | Entered Level 15 of the Dungeon
 18672 | D:15     | HP: 8/79 [something (18)]
 18672 | D:15     | Slain by a deep elf knight

Vanquished Creatures
  A tengu reaver (D:12)
  A yaktaur captain (D:12)
  2 centaur warriors
  2 boulder beetles
  2 tengu warriors (D:12)
  3 two-headed ogres
  A deep troll earth mage (D:12)
  Nergalle (D:10)
  A wizard (D:13)
  Pikel (D:7)
  An ugly thing (D:6)
  3 cyclopes (D:12)
  4 manticores
  3 deep elf pyromancers
  Maurice (D:13)
  An elephant (D:9)
  A gargoyle (D:8)
  Psyche (D:11)
  An unseen horror (D:12)
  3 tengu conjurers
  8 trolls
  Prince Ribbit (D:7)
  Sigmund (D:6)
  A slime creature (D:13)
  23 yaks
  3 shadows
  A basilisk (D:9)
  A wyvern (D:9)
  A wraith (D:6)
  2 steam dragons
  Menkaure (D:7)
  A vampire mosquito (D:11)
  A warg (D:7)
  An acid dragon (D:10)
  Duvessa (D:4)
  A water moccasin (D:7)
  2 orc warriors
  4 black bears
  A sky beast (D:7)
  2 ogres
  5 centaurs
  A phantom (D:4)
  3 kobold brigands
  A bullfrog (D:7)
  Blork the orc (D:6)
  4 scorpions
  Dowan (D:4)
  2 killer bees (D:9)
  7 howler monkeys
  2 hounds (D:4)
  A gnoll bouda (D:5)
  An orc priest (D:6)
  Crazy Yiuf (D:6)
  2 iguanas
  Ijyb (D:3)
  3 orc wizards
  10 gnolls
  5 adders
  3 white imps
  3 ufetubi
  A worm (D:4)
  2 dart slugs
  17 orcs
  6 bats
  7 endoplasms
  4 giant cockroaches
  6 goblins
  6 hobgoblins
  3 jackals (D:1)
  18 kobolds
  2 quokkas
  7 ball pythons
  5 frilled lizards (D:1)
  5 rats
237 creatures vanquished.

Vanquished Creatures (collateral kills)
  A hydra (D:14)
  2 tengu warriors
  A gargoyle (D:11)
  A troll (D:11)
  3 slime creatures (D:13)
  A wraith (D:13)
  7 yaks
  A vampire (D:12)
  A vampire mosquito (D:11)
  2 centaurs (D:14)
  A bullfrog (D:8)
  2 killer bees (D:9)
  A howler monkey (D:8)
  A gnoll (D:5)
  A dart slug (D:1)
  A hobgoblin (D:8)
  A jackal (D:1)
  A ball python (D:3)
  A frilled lizard (D:1)
  3 kobolds
  A rat (D:2)
34 creatures vanquished.

Vanquished Creatures (others)
  A centaur warrior (D:12)
  A boulder beetle (D:11)
  A wizard (D:8)
  A deep elf pyromancer (D:14)
  A wolf spider (D:14)
  A cyclops (D:12)
  A hornet (D:14)
  A slime creature (D:8)
  A black bear (D:13)
  2 vampire mosquito zombies (D:11)
  10 yak zombies
  2 centaur zombies (D:14)
  A bullfrog zombie (D:8)
  A black bear zombie (D:13)
  2 adders (D:13)
  4 gnoll zombies (D:5)
  5 orc zombies (D:11)
  2 adder zombies (D:13)
  A dart slug (D:12)
  An endoplasm (D:8)
  A goblin (D:8)
  An endoplasm zombie (D:8)
  A kobold zombie (D:9)
43 creatures vanquished.

Grand Total: 314 creatures vanquished

Table legend:
 A = Non-vault XP
 B = Vault XP
 C = Vault XP percentage of total XP
 D = Non-vault monster count
 E = Vault monster count
 F = Vault count percentage of total count
                 A         B        C        D         E       F
            +---------+---------+-------+---------+---------+-------
      Total |   25076 |   17731 |  41.4 |     226 |      45 |  16.6
            +---------+---------+-------+---------+---------+-------
        D:1 |      46 |       5 |   9.8 |      27 |       2 |   6.9
        D:2 |      86 |       0 |   0.0 |      24 |       0 |   0.0
        D:3 |      63 |      36 |  36.4 |      13 |       1 |   7.1
        D:4 |     315 |     208 |  39.8 |      15 |       2 |  11.8
        D:5 |     543 |       0 |   0.0 |      13 |       0 |   0.0
        D:6 |     892 |    1662 |  65.1 |      10 |       7 |  41.2
        D:7 |     428 |    1226 |  74.1 |       6 |       4 |  40.0
        D:8 |    2271 |     377 |  14.2 |      22 |       5 |  18.5
        D:9 |    4730 |     999 |  17.4 |      42 |       4 |   8.7
       D:10 |     973 |     771 |  44.2 |       9 |       1 |  10.0
       D:11 |    2556 |     404 |  13.6 |      14 |       1 |   6.7
       D:12 |    4498 |    9778 |  68.5 |      13 |      14 |  51.9
       D:13 |    3842 |    2265 |  37.1 |      11 |       4 |  26.7
       D:14 |    3196 |       0 |   0.0 |       6 |       0 |   0.0
       D:15 |     637 |       0 |   0.0 |       1 |       0 |   0.0
            +---------+---------+-------+---------+---------+-------

Skill      XL: |  1  2  3  4  5  6  7  8  9 10 11 12 13 |
---------------+----------------------------------------+-----
Spellcasting   | 3 4 5 7 8 9 11 12 | 12.7
Dodging        | 2 3 4 5 6 8 9 11 12 13 | 13.0
Necromancy     | 5 6 8 9 10 11 13 | 13.1
Ice Magic      | 2 3 |  3.3
Stealth        | |  1.5

Action                     |  1- 3 |  4- 6 |  7- 9 | 10-12 | 13-15 || total
---------------------------+-------+-------+-------+-------+-------++-------
  Melee: Unarmed           |    26 |       |       |       |       ||    26
         Mace              |       |    97 |   122 |   501 |       ||   720
         Punch             |       |       |     1 |     5 |       ||     6
         Great mace        |       |       |       |       |     4 ||     4
   Cast: Necrotise         |    69 |    76 |    10 |     3 |       ||   158
         Animate Dead      |       |     2 |     3 |    10 |     2 ||    17
         Vampiric Draining |       |     3 |    56 |   149 |    15 ||   223
         Agony             |       |       |    16 |    66 |     7 ||    89
         Simulacrum        |       |       |       |     4 |     2 ||     6
         Dispel Undead     |       |       |       |     2 |       ||     2
 Invoke: Unearth Wretches  |       |       |       |     6 |     1 ||     7
  Evoke: Wand              |       |       |    15 |     6 |       ||    21
    Use: Scroll            |     2 |     6 |     2 |     7 |     1 ||    18
   Stab: Distracted        |       |       |       |     2 |       ||     2
 Armour: Robe              |    13 |    70 |    94 |       |       ||   177
         Troll leather arm |       |       |    15 |   459 |    46 ||   520
  Dodge: Dodged            |    36 |   112 |   194 |   742 |    83 ||  1167

Illustrated notes

Table legend:
 A = Kills in this place as a percentage of kills in the entire game.
 B = Kills by you in this place as a percentage of kills by you in the entire game.
 C = Kills by friends in this place as a percentage of kills by friends in the entire game.
 D = Other kills in this place as a percentage of other kills in the entire game.
 E = Experience gained in this place as a percentage of experience gained in the entire game.
 F = Experience gained in this place divided by the number of levels of this place that you have seen.
                   A       B       C       D       E      F
               +-------+-------+-------+-------+-------+----------------------
         Total | 100.0 | 100.0 | 100.0 |   N/A | 100.0 | 2675.4
       Dungeon | 100.0 | 100.0 | 100.0 |   N/A | 100.0 | 2853.8
               +-------+-------+-------+-------+-------+----------------------

Table legend: (Time is in decaauts)
 A = Elapsed time spent in this place.
 B = Non-inter-level travel time spent in this place.
 C = Inter-level travel time spent in this place.
 D = Time resting spent in this place.
 E = Time spent auto-exploring this place.
 F = Levels seen in this place.
 G = Mean time per level.
                   A        B        C        D        E       F      G
               +--------+--------+--------+--------+--------+-----+--------+
         Total |  19022 |  18435 |    587 |   1720 |  13217 |  16 | 1188.9 |
       Dungeon |  18849 |  18286 |    563 |   1720 |  13084 |  15 | 1256.6 |
        Temple |    172 |    148 |     24 |      0 |    133 |   1 |  172.0 |
               +--------+--------+--------+--------+--------+-----+--------+

Top non-repeatable levels by time:
    D:12: 2782 daAuts
     D:9: 2063 daAuts
     D:6: 1940 daAuts
     D:4: 1487 daAuts
    D:13: 1379 daAuts
     D:8: 1356 daAuts
     D:1: 1132 daAuts
    D:11: 1063 daAuts
     D:2: 1059 daAuts
    D:14: 997 daAuts
    D:10: 955 daAuts
     D:3: 952 daAuts
     D:7: 894 daAuts
     D:5: 708 daAuts
  Temple: 172 daAuts
